 Dungeon Crawl Stone Soup version 0.28.0-43-g3370ac3207 (webtiles) character file.

Game seed: 9340688949958575708

335 issech the Cudgeller (level 6, -2/61 HPs)
             Began as a Troll Monk on Mar 22, 2022.
             Slain by Duvessa
             ... wielding a +0 short sword
              (10 damage)
             ... on level 3 of the Dungeon on Mar 23, 2022.
             The game lasted 00:14:35 (3584 turns).

issech the Cudgeller (Troll Monk)                   Turns: 3584, Time: 00:14:35

Health: -2/61      AC:  4    Str: 20    XL:     6   Next: 28%
Magic:  5/5        EV: 11    Int:  9    God:
Gold:   128        SH:  0    Dex: 14    Spells: 5/5 levels left

rFire   . . .      SeeInvis .   a - +0 mace
rCold   + . .      Faith    .   (no shield)
rNeg    . . .      Spirit   .   b - +0 robe
rPois   +          Reflect  .   (helmet restricted)
rElec   .          Harm     .   (no cloak)
rCorr   .          Rampage  .   (gloves unavailable)
Will    .....                   (boots unavailable)
Stlth   +.........              t - amulet "Duoniuho" {rPois Regen+ Int+3}
HPRegen 1.80/turn               r - ring of protection from cold
MPRegen 0.09/turn               y - ring of poison resistance

@: lit by a corona, glowing
A: large, unfitting armour, claws 3, regeneration 1, shaggy fur 1, tough skin 1
a: no special abilities


You were on level 3 of the Dungeon.
You visited 2 branches of the dungeon, and saw 5 of its levels.

You collected 128 gold pieces.

Inventory:

Hand Weapons
 a - a +0 mace (weapon)
 m - a +2 dagger of flaming
 q - a +1 dagger of freezing
Missiles
 e - 55 sling bullets
 g - a throwing net (quivered)
 h - 149 stones
 i - 10 bolts
 p - 39 arrows
Armour
 b - a +0 robe (worn)
 B - a scarf of invisibility
Jewellery
 r - a ring of protection from cold (left claw)
 s - an amulet of the acrobat
 t - the amulet "Duoniuho" (around neck) {rPois Regen+ Int+3}
   (You found it on level 3 of the Dungeon)

   [amulet of regeneration]

   Int:       It affects your intelligence (+3).
   rPois:     It protects you from poison.
   Regen:     It increases your rate of health regeneration.
 y - a ring of poison resistance (right claw)
Wands
 w - a wand of mindburst (9)
Scrolls
 d - 2 scrolls of silence
 f - a scroll of teleportation {unknown}
 l - a scroll of enchant weapon {unknown}
 o - 4 scrolls of identify {unknown}
 v - a scroll of immolation {unknown}
 x - 2 scrolls of magic mapping {unknown}
 z - a scroll of noise {unknown}
 A - a scroll of vulnerability {unknown}
Potions
 c - 2 potions of attraction {unknown}
 j - 2 potions of heal wounds {unknown}
 k - 2 potions of curing {unknown}
 n - a potion of invisibility {unknown}
 u - a potion of degeneration {unknown}


   Skills:
 + Level 3.5 Fighting
 + Level 4.5 Maces & Flails
 + Level 3.8 Dodging
 + Level 1.3 Stealth


You had 5 spell levels left.
You didn't know any spells.
Your spell library contained the following spells:

 Spells                   Type           Power      Damage    Failure   Level
 Inner Flame              Hex/Fire       0%         N/A       77%         3
 Cause Fear               Hex            0%         N/A       99%         4
 Discord                  Hex            0%         N/A       100%        8


Dungeon Overview and Level Annotations

Branches:
Dungeon (4/15)             Temple (1/1) D:4

Altars:
Ashenzari
Cheibriados
Dithmenos
Elyvilon
Fedhas
Gozag
Kikubaaqudgha
Makhleb
Okawaru
Qazlal
Ru
Sif Muna
Trog
Uskayaw
Vehumet
Wu Jian
Xom
Zin
The Shining One

Shops:
D:4 (

Annotations:
D:3 Duvessa


Innate Abilities, Weirdness & Mutations

You are too large for most types of armour.
You have claws for hands.
Your natural rate of healing is unusually fast.
You are covered in fur. (AC +1)
You have tough skin. (AC +1)


Message History

Duvessa hits you but does no damage. Dowan completely misses you.
You closely miss Dowan. Your claw misses Dowan.
Dowan is moderately wounded.
Duvessa barely misses you. Dowan hits you but does no damage.
Duvessa hits you with a +0 short sword!
You barely miss Dowan.
Dowan is moderately wounded.
Dowan casts a spell at Duvessa.
Duvessa seems to speed up.
Duvessa hits you with a +0 short sword.
You sock Dowan!
Dowan is heavily wounded.
Duvessa hits you with a +0 short sword. Dowan gestures at you while chanting.
The puff of frost hits you. You resist.
You sock Dowan!
Dowan is almost dead.
Duvessa closely misses you. Dowan hits you with a +0 dagger.
Duvessa barely misses you. Dowan hits you with a +0 dagger.
You barely miss Dowan.
Dowan is almost dead.
Duvessa hits you with a +0 short sword! Duvessa hits you with a +0 short sword.
* * * LOW HITPOINT WARNING * * *
Dowan hits you with a +0 dagger.
* * * LOW HITPOINT WARNING * * *
You miss Dowan.
Dowan is almost dead.
Duvessa barely misses you. Dowan hits you with a +0 dagger.
* * * LOW HITPOINT WARNING * * *
Duvessa hits you with a +0 short sword.
* * * LOW HITPOINT WARNING * * *
You hit Dowan.
You kill Dowan!
Duvessa screams, "No!
How DARE you!"
Duvessa goes berserk!
Duvessa hits you with a +0 short sword!
* * * LOW HITPOINT WARNING * * *
Duvessa closely misses you. Duvessa hits you with a +0 short sword.
* * * LOW HITPOINT WARNING * * *
Duvessa hits you with a +0 short sword!
You die...

................#...........^....
.............#.##.#.....#.#.#####
###.####.##..#.##.#..####.#.#
#.............#.#..####.#<#####
#.......<..#.##................
###.#.##.##..######...........###
...................############
#####.##..#.#......#
.......##.#.#..e@..#
####...##.#.#......####
...#...##......####...# ##
...#...###.....# #...##########.
...........>...# #...#..........
...########.)..# #...#..........
.##########....# #...#..........
.##............# ##...#..........
...............# #....#.........#


You could see Duvessa (berserk, fast).

Vanquished Creatures
  Dowan (D:3)
  A hound (D:4)
  2 orc priests
  Terence (D:2)
  Jessica (D:2)
  Natasha (D:1)
  2 hound skeletons
  2 adders
  2 worms (D:3)
  A dart slug (D:4)
  An orc (D:2)
  6 ball pythons
  3 endoplasms
  3 giant cockroaches
  6 hobgoblins
  8 jackals
  3 kobolds
  4 quokkas
  7 bats
  3 frilled lizards
  7 goblins
  7 rats
72 creatures vanquished.

Notes
Turn   | Place    | Note
-------+----------+-------------------------------------------
     0 | D:1      | issech the Troll Monk began the quest for the Orb.
     0 | D:1      | Reached XP level 1. HP: 22/22 MP: 0/0
   116 | D:1      | Found a faded altar of an unknown god.
   135 | D:1      | Reached XP level 2. HP: 29/29 MP: 1/1
   232 | D:1      | Reached skill level 3 in Maces & Flails
   639 | D:2      | Noticed Jessica
   639 | D:2      | Noticed Natasha
   642 | D:2      | Killed Jessica
   643 | D:2      | Reached XP level 3. HP: 35/36 MP: 2/2
   654 | D:1      | Killed Natasha
   655 | D:1      | Reached XP level 4. HP: 9/45 MP: 3/3
  1071 | D:2      | Noticed Terence
  1093 | D:2      | Killed Terence
  1472 | D:2      | Reached XP level 5. HP: 53/53 MP: 4/4
  1636 | D:3      | Reached skill level 4 in Maces & Flails
  1717 | D:3      | Identified the amulet "Duoniuho" {rPois Regen+ Int+3}
  1997 | D:3      | Found a burning altar of Makhleb.
  1998 | D:3      | Found a stormy altar of Qazlal.
  1999 | D:3      | Found a shimmering altar of Xom.
  2279 | D:3      | Found an iron altar of Okawaru.
  2279 | D:3      | Found a bloodstained altar of Trog.
  2280 | D:3      | Found a sacrificial altar of Ru.
  2634 | D:4      | Reached XP level 6. HP: 61/61 MP: 5/5
  2850 | D:4      | Found a staircase to the Ecumenical Temple.
  2862 | Temple   | Entered the Ecumenical Temple
  3205 | D:4      | Found Weurhase's Weapon Shop.
  3460 | D:4      | Noticed Dowan
  3461 | D:4      | Noticed Duvessa
  3580 | D:3      | Killed Dowan
  3584 | D:3      | Slain by Duvessa

Illustrated notes

Levels and vault maps discovered:
D:1:      minmay_arrival_solitary_statue, layout_basic,
          hellmonk_ecumenical_altar_lost_god
D:2:      layout_loops_ring, patterned_corridor, uniq_jessica, uniq_terence,
          uniq_natasha
D:3:      layout_basic, gammafunk_temple_overflow_claw,
          chequers_temple_overflow_statue_of_worship, lemuel_another_geyser
D:4:      layout_gridville, nicolae_overflow_hidden_temple,
          minmay_temple_entry_sparse_star, serial_shops, nicolae_shop_trees,
          uniq_duvessa
Temple:   nicolae_temple_figure_eight

Skill      XL: |  1  2  3  4  5 |
---------------+----------------+-----
Maces & Flails | 3 4 |  4.5
Fighting       | 3 |  3.5
Dodging        | 3 |  3.8
Stealth        | |  1.3

Action                   |  1- 3 |  4- 6 || total
-------------------------+-------+-------++-------
Melee: Mace              |    51 |   252 ||   303
       Punch             |       |     2 ||     2
  Use: Scroll            |       |     1 ||     1
 Stab: Sleeping          |       |     3 ||     3
Armor: Robe              |    35 |    95 ||   130
Dodge: Dodged            |    55 |   207 ||   262
